 Dungeon Crawl Stone Soup version 0.26-a0-812-g31a745ddcd (webtiles) character file.

Game seed: 17732772457767202037

2363 Kuinu the Cleaver (level 9, 0/85 HPs)
             Began as a Minotaur Berserker on Nov 16, 2020.
             Was an Elder of Trog.
             Succumbed to a gnoll sergeant's poison
             ... on level 6 of the Dungeon.
             The game lasted 00:09:45 (6083 turns).

Kuinu the Cleaver (Minotaur Berserker)              Turns: 6083, Time: 00:09:45

Health: 0/85       AC: 11    Str: 26    XL:     9   Next: 21%
Magic:  8/8        EV:  5    Int:  4    God:    Trog [****..]
Gold:   222        SH:  0    Dex:  9    Spells: 8/8 levels left

rFire    . . .     SeeInvis .   a - +1 hand axe
rCold    . . .     Faith    .   (no shield)
rNeg     . . .     Spirit   +   F - +0 chain mail
rPois    .         Reflect  .   (helmet restricted)
rElec    .         Harm     .   (no cloak)
rCorr    .         Rampage  .   y - +0 pair of gloves
MR       +....                  (no boots)
Stlth    ..........             r - amulet of guardian spirit
HPRegen  0.24/turn              p - ring of protection from magic
MPRegen  0.11/turn              h - ring of flight

@: lethally poisoned (0 -> -67), berserk cooldown, held
A: retaliatory headbutt, horns 2
a: Berserk, Trog's Hand, Brothers in Arms, Renounce Religion, Evoke Flight


You were on level 6 of the Dungeon.
You worshipped Trog.
Trog was greatly pleased with you.
You visited 1 branch of the dungeon, and saw 6 of its levels.
You also visited: Ossuary.

You collected 222 gold pieces.

Inventory:

Hand Weapons
 a - a +1 hand axe (weapon)
 d - a +2 whip of flaming
 j - a -3 war axe
Armour
 b - a +0 animal skin
 f - a +0 ring mail
 u - a scarf of harm
 y - a +0 pair of gloves (worn)
 F - a +0 chain mail (worn)
Jewellery
 h - a ring of flight (right hand)
 p - a ring of protection from magic (left hand)
 r - an amulet of guardian spirit (around neck)
 v - an uncursed ring of magical power
 C - an uncursed ring of protection from fire {unknown}
Wands
 l - a wand of iceblast (5)
 m - a wand of disintegration (9)
 n - a wand of flame (10)
Scrolls
 g - 2 scrolls of remove curse
 k - 5 scrolls of teleportation
 q - a scroll of silence {unknown}
 w - a scroll of fog
 x - 2 scrolls of enchant weapon
 D - a scroll of identify
 E - a scroll of blinking
Potions
 c - 3 potions of brilliance
 e - 2 potions of curing {unknown}
 i - 2 potions of cancellation
 o - a potion of lignification
 s - a potion of ambrosia
 t - 6 potions of attraction {unknown}
 z - a potion of berserk rage {unknown}
 A - a potion of haste
 B - a potion of might


   Skills:
 * Level 10.0 Fighting
 * Level 10.0 Axes
 + Level 7.0 Armour
 - Level 2.1 Dodging


You had 8 spell levels left.
You didn't know any spells.
Your spell library was empty.

Dungeon Overview and Level Annotations

Branches:
Dungeon (6/15)             Temple (0/1) D:5         Ossuary (visited)

Altars:
Gozag
Hepliaklqana
Trog
Yredelemnul

Shops:
D:5 =


Innate Abilities, Weirdness & Mutations

You reflexively headbutt those who attack you in melee.
You have a pair of horns on your head.


Message History

The bullfrog zombie hits you.
* * * LOW HITPOINT WARNING * * *
The gnoll sergeant hits you from afar with a +4 spear of venom!
* * * LOW HITPOINT WARNING * * *
You are more poisoned.
The bullfrog zombie hits you but does no damage.
It was a potion of ambrosia.
You are confused.
You feel invigorated.
* * * LOW HITPOINT WARNING * * *
You feel extremely sick. The bullfrog zombie hits you.
The gnoll sergeant barely misses you.
The bullfrog zombie hits you but does no damage.
The gnoll sergeant hits you from afar with a +4 spear of venom.
You are more poisoned.
It was a potion of cancellation.
Your magical effects are unravelling.
You feel magically purged.
You feel less invigorated.
You feel yourself speed up.
You feel less confused.
You die...

..... ## #..... .. ....≈≈
≈≈ #...≈≈. .. ##...≈≈..
.. #....≈... .. #g?..≈...
#. ########Z.≈≈≈g.. #.
##########......@..≈≈gg..
..
.............#####.≈gh.##
.. .......##....# .≈g.##
.# ......####...# .≈.##
......'..##..# .≈.#
......').##..# .≈..
'''#..####...# .≈... .
...##..##....# ...≈g .
...##........## ...≈. .


You could see a gnoll sergeant, 5 gnolls, a bullfrog zombie and a jackal.

Vanquished Creatures
  Pikel (D:5)
  Sigmund (D:5)
  Grum (D:6)
  Duvessa (D:5)
  A sky beast (D:5)
  2 ogres
  3 lemures (D:5)
  2 bullfrogs
  A water moccasin zombie (Ossuary)
  Dowan (D:5)
  A howler monkey (D:6)
  3 orc priests
  A bullfrog skeleton (D:4)
  A centaur skeleton (D:6)
  A gnoll shaman (D:6)
  6 hounds
  An iguana (D:4)
  2 orc wizards
  6 worker ants
  3 big kobold zombies (Ossuary)
  2 mummies (Ossuary)
  A worker ant zombie (D:6)
  5 gnolls
  9 adders
  An ufetubus (D:6)
  5 oozes
  6 adder zombies (Ossuary)
  3 worms
  4 dart slugs
  6 leopard geckos
  20 orcs
  5 bats
  2 giant cockroaches
  2 gnoll zombies (Ossuary)
  9 goblins
  4 hobgoblins
  4 jackals
  2 quokkas (D:4)
  2 frilled lizards
  6 hobgoblin zombies (Ossuary)
  A jackal skeleton (D:4)
  3 kobolds
  5 kobold zombies (Ossuary)
  A leopard gecko zombie (D:5)
  4 orc zombies (Ossuary)
  4 rats
155 creatures vanquished.

Notes
Turn   | Place    | Note
-------+----------+-------------------------------------------
     0 | D:1      | Kuinu the Minotaur Berserker began the quest for the Orb.
     0 | D:1      | Reached XP level 1. HP: 19/19 MP: 0/0
   195 | D:1      | Reached XP level 2. HP: 27/27 MP: 1/1
   645 | D:1      | Reached XP level 3. HP: 33/33 MP: 2/2
   976 | D:2      | Reached XP level 4. HP: 15/41 MP: 3/3
  1205 | D:2      | Found a hazy altar of Hepliaklqana.
  1213 | D:2      | Found a basalt altar of Yredelemnul.
  1215 | D:2      | You fall into a shaft and drop 1 floor!
  1295 | D:3      | Reached ** piety under Trog
  1339 | D:3      | Reached skill level 5 in Fighting
  1339 | D:3      | Reached skill level 5 in Axes
  1601 | D:3      | Found an opulent altar of Gozag.
  1830 | D:3      | Reached XP level 5. HP: 48/48 MP: 4/4
  2250 | D:4      | Reached XP level 6. HP: 32/57 MP: 5/5
  2623 | D:4      | Reached *** piety under Trog
  3009 | D:4      | Reached XP level 7. HP: 37/64 MP: 4/6
  3423 | D:5      | Entered Level 5 of the Dungeon
  3446 | D:5      | Found a staircase to the Ecumenical Temple.
  3459 | D:5      | Reached skill level 5 in Armour
  3476 | D:5      | Noticed Sigmund
  3507 | D:5      | Killed Sigmund
  3745 | D:5      | Found a bloodstained altar of Trog.
  3925 | D:5      | Noticed Dowan
  3931 | D:5      | Noticed Duvessa
  3935 | D:5      | Killed Dowan
  3935 | D:5      | Reached XP level 8. HP: 62/74 MP: 5/7
  3944 | D:5      | Killed Duvessa
  4362 | D:5      | Noticed Pikel
  4603 | D:5      | Killed Pikel
  4704 | D:5      | Found Duotozei's Jewellery Shoppe.
  5061 | D:6      | Found a sand-covered staircase.
  5066 | Ossuary  | Entered an ossuary
  5385 | Ossuary  | Reached **** piety under Trog
  5501 | D:6      | Reached XP level 9. HP: 84/84 MP: 6/8
  5825 | D:6      | Noticed Grum
  5838 | D:6      | Killed Grum
  5838 | D:6      | Reached skill level 10 in Fighting
  5838 | D:6      | Reached skill level 10 in Axes
  6082 | D:6      | HP: 2/85 [poisoned by a gnoll sergeant]
  6083 | D:6      | Succumbed to a gnoll sergeant's poison

Illustrated notes

Levels and vault maps discovered:
D:1:      minmay_arrival_glassed_features, layout_basic, hangedman_glass_teeth,
          grunt_decor_fettered
D:2:      layout_loops_cross, grunt_temple_overflow_open
D:3:      layout_basic, grunt_gozag_statues
D:4:      layout_rooms, sigmund_army
D:5:      layout_basic, old_standard_altar, minmay_temple_entry_purple_smoke,
          serial_shops, shop, uniq_duvessa, uniq_pikel, uniq_sigmund
D:6:      layout_cave_pools, serial_gnoll_camp, gnoll_camp_mini_hut,
          grums_kennel, gnoll_camp_huts_moat, gnoll_camp_mini_house,
          enter_ossuary_2, grunt_ministairs_9

Skill      XL: |  1  2  3  4  5  6  7  8  9 |
---------------+----------------------------+-----
Fighting       | 4 5 6 7 9 10 | 10.0
Axes           | 4 5 6 8 9 10 | 10.0
Armour         | 3 4 5 6 7 |  7.0
Dodging        | |  2.1

Action                   |  1- 3 |  4- 6 |  7- 9 || total
-------------------------+-------+-------+-------++-------
Melee: Hand axe          |    66 |   126 |   205 ||   397
       Headbutt          |     9 |    25 |    42 ||    76
       War axe           |       |       |    32 ||    32
Invok: Berserk           |     1 |     2 |     5 ||     8
       Trog's Hand       |       |       |     4 ||     4
  Use: Scroll            |       |     7 |     9 ||    16
       Potion            |       |       |     5 ||     5
Armor: Ring mail         |    16 |    37 |    54 ||   107
       Chain mail        |       |       |    20 ||    20
Dodge: Dodged            |    46 |    79 |   132 ||   257

Table legend: (Time is in decaauts)
 A = Elapsed time spent in this place.
 B = Non-inter-level travel time spent in this place.
 C = Inter-level travel time spent in this place.
 D = Time resting spent in this place.
 E = Time spent auto-exploring this place.
 F = Levels seen in this place.
 G = Mean time per level.
                   A        B        C        D        E       F      G
               +--------+--------+--------+--------+--------+-----+--------+
         Total |   6086 |   5983 |    103 |      0 |   5012 |   7 |  869.4 |
       Dungeon |   5732 |   5629 |    103 |      0 |   4739 |   6 |  955.3 |
       Ossuary |    354 |    354 |      0 |      0 |    273 |   1 |  354.0 |
               +--------+--------+--------+--------+--------+-----+--------+

Top non-repeatable levels by time:
     D:5: 1612 daAuts
     D:4: 1248 daAuts
     D:3: 977 daAuts
     D:1: 858 daAuts
     D:6: 661 daAuts
     D:2: 372 daAuts
 Ossuary: 354 daAuts
